 Dungeon Crawl Stone Soup version 0.23-a0-299-g9a66eeb (webtiles) character file.

4141 Gildeon the Spear-Bearer (level 10, -9/66 HPs)
             Began as an Octopode Fighter on Oct 6, 2018.
             Was a Priest of Nemelex Xobeh.
             Mangled by Erica
             ... wielding a +4 scimitar of flaming
              (14 damage)
             ... on level 9 of the Dungeon.
             The game lasted 00:26:51 (7875 turns).

Gildeon the Spear-Bearer (Octopode Fighter)         Turns: 7875, Time: 00:26:52

Health: -9/66      AC:  4    Str: 21    XL:     10   Next: 27%
Magic:  13/13      EV: 14    Int: 10    God:    Nemelex Xobeh [***...]
Gold:   429        SH: 11    Dex: 15    Spells: 9/9 levels left

rFire    . . .     SeeInvis .   a - +4 trident
rCold    . . .     Gourm    .   b - +0 shield
rNeg     . . .     Faith    .   (helmet restricted)
rPois    +         Spirit   .   (no amulet)
rElec    .         Reflect  .   m - +3 ring of protection
rCorr    .         Harm     .   f - ring of stealth
MR       .....                  t - ring of Binos {+Fly rPois}
Stlth    ++++++....             (no ring)
HPRegen  0.21/turn              (no ring)
MPRegen  0.13/turn              (no ring)
                                (no ring)
                                (no ring)

@: mighty
A: almost no armour, stealthy swim, amphibious, 8 rings, constrict 8, camouflage
1, gelatinous body 1
a: Triple Draw, Renounce Religion, Evoke Flight


You were on level 9 of the Dungeon.
You worshipped Nemelex Xobeh.
Nemelex Xobeh was most pleased with you.
You were not hungry.

You visited 2 branches of the dungeon, and saw 10 of its levels.
You also visited: Ossuary.

You collected 429 gold pieces.

Inventory:

Hand Weapons
 a - a +4 trident (weapon)
Armour
 b - a +0 shield (worn)
Jewellery
 f - a ring of stealth (right tentacle)
 m - a +3 ring of protection (left tentacle)
 t - the ring of Binos (on tentacle) {+Fly rPois}
   (You found it on level 5 of the Dungeon)

   [ring of flight]

   It protects you from poison.
   It lets you fly.
Wands
 r - a wand of paralysis (16)
 w - a wand of clouds (6)
 y - a wand of acid (6)
 B - a wand of flame (31)
 F - a wand of disintegration (10)
Scrolls
 l - 2 scrolls of blinking
 o - 2 scrolls of amnesia
 q - 4 scrolls of remove curse
 x - 2 scrolls of fear
 C - 2 scrolls of teleportation
 E - a scroll of magic mapping
Potions
 e - 2 potions of resistance
 g - a potion of curing
 i - 5 potions of lignification
 j - 2 potions of haste
 k - 4 potions of brilliance
 p - 2 potions of mutation
 s - 3 potions of flight
 v - a potion of agility
 z - a potion of invisibility {unknown}
Miscellaneous
 n - a plain deck of escape {drawn: 5}
 u - an ornate deck of destruction {drawn: 2}
 A - a plain deck of escape
 D - an ornate deck of escape
 H - a plain deck of destruction
Comestibles
 d - 16 rations
 G - a chunk of flesh


   Skills:
 - Level 5.0 Fighting
 * Level 8.8 Polearms
 - Level 5.0 Dodging
 + Level 8.0 Stealth
 + Level 6.7 Shields
 + Level 4.5 Invocations
 + Level 4.6 Evocations


You had 9 spell levels left.
You didn't know any spells.
Your spell library was empty.

Dungeon Overview and Level Annotations

Branches:
Dungeon (9/15)             Temple (1/1) D:4            Lair (0/6) D:9
    Orc: D:9-12

Altars:
Ashenzari
Cheibriados
Elyvilon
Fedhas
Gozag
Hepliaklqana
Kikubaaqudgha
Nemelex Xobeh
Ru
Trog
Uskayaw
Vehumet
Wu Jian
Zin
The Shining One

Annotations:
D:5 2 transporters
D:7 2 transporters, DapperDogman's ghost, novice TeBe
D:9 Erica


Innate Abilities, Weirdness & Mutations

You cannot wear most types of armour.
You are very stealthy in the water. (Stealth+)
You are amphibious.
You can wear up to eight rings at the same time.
You can use your tentacles to constrict eight enemies at once.
Your skin changes colour to match your surroundings (Stealth+).
Your rubbery body absorbs attacks. (AC +1, EV +1)


Message History

You hit something. Something hits you!
* * * LOW HITPOINT WARNING * * *
Something burns you.
* * * LOW HITPOINT WARNING * * *
Unknown command.
You feel much better.
You feel very mighty all of a sudden.
You hear some strange, mumbled words.
A bolt of poison appears from out of thin air!
The bolt of poison hits you! You resist.
The phantom blinks!
You puncture something! Something hits you. Something burns you.
You hit something. Something hits you!
* * * LOW HITPOINT WARNING * * *
Something burns you.
* * * LOW HITPOINT WARNING * * *
You miss something. Your squeeze misses something. The phantom hits you!
* * * LOW HITPOINT WARNING * * *
The phantom blinks!
Something hits you!
You die...
Your body disappears without a glow.

......##..##.###.#####
.<....##..##..........
##..#.#.>......###.#######
...............###..#.....
.........###..........##
....#...## #..####....#>a
....#..## ##.# ##.).#
...........W#.#####...#
.....#.## #....§@{§..÷#
.....# ###.######..#
.....# #. #..# ....... ##
...# #+#.#.. .W..# # .#
..#..# # ........ #
...##.#..


You could see a phantom.

Vanquished Creatures
  Pikel (D:6)
  A hornet (D:7)
  2 hogs (D:7)
  2 yaks (D:7)
  A human (D:7)
  Duvessa (D:5)
  A slave (D:6)
  2 ice beasts
  A sky beast (D:9)
  2 orc warriors
  2 ogres
  A crocodile (D:7)
  A centaur (D:6)
  Blork the orc (D:5)
  A big kobold (D:7)
  An elf zombie (Ossuary)
  A bullfrog (D:6)
  Dowan (D:5)
  A wyvern skeleton (D:7)
  2 scorpions
  3 wights (D:6)
  6 killer bees (D:8)
  2 howler monkeys (D:9)
  3 crimson imps
  2 centaur zombies
  4 hounds
  2 bullfrog zombies
  6 orc priests
  3 iguanas
  2 jellies
  2 worker ants
  A big kobold zombie (Ossuary)
  3 mummies
  A howler monkey zombie (D:5)
  9 adders
  A howler monkey skeleton (D:6)
  A shadow imp (D:5)
  An ooze (D:1)
  3 adder zombies
  A worm (D:3)
  A dart slug (D:3)
  2 leopard geckos
  15 orcs
  A ball python (D:4)
  7 giant cockroaches
  19 goblins
  5 hobgoblins
  10 jackals
  A quokka (D:8)
  6 bats
  3 frilled lizards
  2 goblin zombies (Ossuary)
  13 hobgoblin zombies (Ossuary)
  2 jackal zombies
  8 kobolds
  7 kobold zombies
  10 orc zombies
  6 rats
  A rat zombie (Ossuary)
201 creatures vanquished.

Vanquished Creatures (others)
  A butterfly (Temple)
1 creature vanquished.

Grand Total: 202 creatures vanquished

Notes
Turn   | Place    | Note
-------+----------+-------------------------------------------
     0 | D:1      | Gildeon the Octopode Fighter began the quest for the Orb.
     0 | D:1      | Reached XP level 1. HP: 16/16 MP: 1/1
    94 | D:1      | Reached XP level 2. HP: 5/21 MP: 2/2
   372 | D:1      | Reached skill level 1 in Stealth
   601 | D:1      | Reached XP level 3. HP: 26/26 MP: 3/3
  1473 | D:2      | Reached XP level 4. HP: 25/31 MP: 4/4
  1807 | D:3      | Reached XP level 5. HP: 29/36 MP: 5/5
  2187 | D:4      | Found a staircase to the Ecumenical Temple.
  2198 | Temple   | Entered the Ecumenical Temple
  2224 | Temple   | Became a worshipper of Nemelex Xobeh the Trickster
  2305 | D:4      | Received a gift from Nemelex Xobeh
  2866 | D:5      | Entered Level 5 of the Dungeon
  2877 | D:5      | Reached XP level 6. HP: 35/43 MP: 6/6
  2878 | D:5      | Reached * piety under Nemelex Xobeh
  2907 | D:5      | Found a transporter.
  3054 | D:5      | Found a transporter.
  3116 | D:5      | Got a wavering copper ring
  3117 | D:5      | Identified the ring of Binos {+Fly rPois} (You found it on
                  | level 5 of the Dungeon)
  3134 | D:5      | Received a gift from Nemelex Xobeh
  3198 | D:5      | Found a shattered altar of Ashenzari.
  3423 | D:5      | Noticed Blork the orc
  3433 | D:5      | Killed Blork the orc
  3433 | D:5      | Reached XP level 7. HP: 37/48 MP: 7/7
  3513 | D:5      | Found a sacrificial altar of Ru.
  3598 | D:5      | Noticed Duvessa
  3733 | D:6      | Reached skill level 5 in Polearms
  3809 | D:6      | Reached ** piety under Nemelex Xobeh
  3866 | D:6      | Found a sand-covered staircase.
  3874 | Ossuary  | Entered an ossuary
  4077 | Ossuary  | Reached XP level 8. HP: 46/54 MP: 8/8
  4109 | Ossuary  | Reached skill level 5 in Stealth
  4675 | D:6      | Reached skill level 5 in Fighting
  4714 | D:6      | Reached skill level 5 in Dodging
  4714 | D:6      | Reached skill level 5 in Shields
  4720 | D:6      | Noticed Pikel
  4725 | D:6      | Reached skill level 1 in Invocations
  4733 | D:6      | Killed Pikel
  4733 | D:6      | Reached skill level 1 in Evocations
  4733 | D:6      | Reached XP level 9. HP: 28/61 MP: 8/10
  4914 | D:6      | Received a gift from Nemelex Xobeh
  5401 | D:5      | Found a snail-covered altar of Cheibriados.
  5401 | D:5      | Noticed Dowan
  5407 | D:5      | Killed Duvessa
  5416 | D:5      | Killed Dowan
  5861 | D:7      | Found a transporter.
  5862 | D:7      | Noticed DapperDogman's ghost (novice TeBe)
  5874 | D:7      | Found a transporter.
  5984 | D:7      | Received a gift from Nemelex Xobeh
  6452 | D:7      | Noticed a hornet
  6459 | D:7      | Killed a hornet
  6689 | D:8      | Reached *** piety under Nemelex Xobeh
  6715 | D:8      | Reached XP level 10. HP: 66/66 MP: 13/13
  6898 | D:8      | Found an opulent altar of Gozag.
  7152 | D:8      | Received a gift from Nemelex Xobeh
  7818 | D:9      | Found a staircase to the Lair.
  7858 | D:9      | Noticed Erica
  7875 | D:9      | Mangled by Erica

Vault maps used:
D:1:      lightli_arrival_windingriver
D:4:      minmay_temple_entry_butterflies
D:5:      gammafunk_wand_slinger, evilmike_ruin_ashenzari,
          lemuel_coloured_pillars_altar, nicolae_ru_path_of_blood, first_ration,
          uniq_blork_the_orc, uniq_duvessa
D:6:      nicolae_ossuary_entry_giza, uniq_pikel
D:7:      gammafunk_ghost_stat_death, grunt_livestock
D:8:      lemuel_doored_altar, bh_walls_and_bars
D:9:      minmay_overflow_temple_hex, kennysheep_mini, lair_entry_dummy,
          minivault_12, uniq_erica
Temple:   minmay_freezing_vapour_temple
Ossuary:  ossuary_tomb_1

Skill      XL: |  1  2  3  4  5  6  7  8  9 10 |
---------------+-------------------------------+-----
Stealth        | 1 2 3 4 5 7 8 |  8.0
Polearms       | 3 4 5 6 8 |  8.8
Fighting       | 4 5 |  5.0
Shields        | 4 5 6 |  6.7
Dodging        | 4 5 |  5.0
Invocations    | 2 4 |  4.5
Evocations     | 1 4 |  4.6

Action                   |  1- 3 |  4- 6 |  7- 9 | 10-12 || total
-------------------------+-------+-------+-------+-------++-------
Melee: Trident           |    71 |   135 |   257 |    73 ||   536
       Constrict         |    10 |    32 |    57 |    14 ||   113
       Tentacles         |     6 |    25 |    58 |    11 ||   100
Evoke: Wand              |       |       |     6 |       ||     6
       Deck              |       |       |     4 |     3 ||     7
  Use: Scroll            |     4 |     6 |     9 |     4 ||    23
       Potion            |       |       |     1 |     2 ||     3
 Stab: Sleeping          |    19 |     8 |    21 |     5 ||    53
       Paralysed         |       |       |     3 |       ||     3
       Distracted        |       |       |     1 |     1 ||     2
  Eat: Chunk             |     2 |     6 |     3 |     1 ||    12
       Ration            |       |       |     2 |     1 ||     3
Armor: Skin              |     6 |    13 |    36 |     9 ||    64
Dodge: Dodged            |    18 |    44 |   100 |    47 ||   209
Block: Shield            |    16 |    60 |    93 |    40 ||   209

Table legend:
 A = Non-vault XP
 B = Vault XP
 C = Vault XP percentage of total XP
 D = Non-vault monster count
 E = Vault monster count
 F = Vault count percentage of total count
                 A         B        C        D         E       F
            +---------+---------+-------+---------+---------+-------
      Total |    3766 |    2151 |  36.4 |     149 |      51 |  25.5
            +---------+---------+-------+---------+---------+-------
        D:1 |      42 |       0 |   0.0 |      23 |       0 |   0.0
        D:2 |      59 |       0 |   0.0 |      16 |       0 |   0.0
        D:3 |      90 |       0 |   0.0 |      26 |       0 |   0.0
        D:4 |      95 |       0 |   0.0 |       9 |       0 |   0.0
        D:5 |     416 |     319 |  43.4 |      15 |       3 |  16.7
        D:6 |     769 |     591 |  43.5 |      17 |       4 |  19.0
        D:7 |     905 |     993 |  52.3 |      16 |       5 |  23.8
        D:8 |    1054 |       0 |   0.0 |      21 |       0 |   0.0
        D:9 |     336 |       0 |   0.0 |       6 |       0 |   0.0
    Ossuary |       0 |     248 | 100.0 |       0 |      39 | 100.0
            +---------+---------+-------+---------+---------+-------
